AoeStats
← alecaruso71

Oasis

509326421Analyzed
2v2 RM · 6d ago on Sep 26, 2026· 22m 3s· 4 players
Game mode
Random Map
Map size
Medium (4 player)
Population
200
Speed
Normal
Resources
Standard
Victory
Conquest
Starting age
Dark Age
Ending age
Imperial Age
RankedLock teamsTeams togetherTeam positionsShared explorationLock speedFull tech treeHidden civsTurbo modeCheats
Victory
Defeat
🇬🇧 Bulgarians · United Kingdom
944
+17
🇹🇷 Burgundians · Türkiye
906
+54
🇪🇸 Huns · Spain
1009
-20
🇪🇸 Mongols · Spain
922
-45
alecaruso71
9:22 Loom
11:24 Feudal Age
13:02 Wheelbarrow
13:39 Horse Collar
14:11 Double-Bit Axe
15:20 Gold Mining
16:44 Bloodlines
18:52 Scale Barding Armor
23:44 Castle Age
22:14 Fletching
S0L4N44
19:13 Feudal Age
titoluis2010
12:16 Feudal Age
17:59 Castle Age
16:45 Forging
16:52 Double-Bit Axe
17:28 Scale Barding Armor
17:21 Horse Collar
19:23 Bloodlines
21:18 Bow Saw
Rora
7:09 Double-Bit Axe
12:00 Feudal Age
11:49 Horse Collar
13:34 Bow Saw
17:09 Gold Mining
17:32 Stone Mining
18:38 Scale Barding Armor
Connection lost

Rejoining the realm…

Still unreachable

The connection could not be restored.

Session expired

The server has moved on; the page needs a fresh start.